 Dungeon Crawl Stone Soup version 0.15-a0-1115-g12a312a (console) character file.

1987 gw the Basher (level 9, -1/96 HPs)
             Began as an Ogre Berserker on May 28, 2014.
             Was a Priest of Trog.
             Slain by a wight
             ... wielding a +3,+1 halberd
              (3 damage)
             ... on Level 7 of the Dungeon.
             The game lasted 00:02:43 (7195 turns).

gw the Basher (Ogre Berserker)                      Turns: 7195, Time: 00:02:43

HP  -1/96        AC  6     Str 24      XL: 9   Next: 21%
MP   9/9         EV 11     Int  6      God: Trog [***...]
Gold 0           SH  0     Dex 12      Spells:  0 memorised,  8 levels left

rFire  . . .     SeeInvis +     o - +0 giant club
rCold  . . .     Clarity  .     b - +0 animal skin
rNeg   . . .     Conserve .     (shield restricted)
rPois  .         rCorr    .     (helmet restricted)
rElec  .         rRot     .     (no cloak)
SustAb .         Spirit   .     (gloves unavailable)
rMut   .         Warding  .     (boots unavailable)
Gourm  .         Stasis   .     (no amulet)
MR     ++...                    a - cursed +3 ring of protection
                                k - ring of see invisible

@: regenerating, heavily drained, very resistant to hostile enchantments, very
unstealthy
A: unfitting armour, tough skin 1
a: Burn Spellbooks, Berserk, Trog's Hand, Renounce Religion


You were on level 7 of the Dungeon.
You worshipped Trog.
Trog was most pleased with you.
You were very hungry.

You visited 1 branch of the dungeon, and saw 7 of its levels.

Inventory:

Hand weapons
 o - a +0,+0 giant club (weapon)
Missiles
 d - 24 darts (quivered)
 e - 7 silver javelins
 f - 140 stones
 j - a dart of flame
 s - 5 tomahawks
Armour
 b - a +0 animal skin (worn)
Magical devices
 h - a wand of flame (14)
Comestibles
 c - 3 meat rations
 g - 3 bread rations
 i - 7 fruits
 p - a beef jerky
 r - 2 slices of pizza
 t - a rotting chunk of orc flesh
Scrolls
 m - 6 scrolls of identify
 q - 4 scrolls of remove curse
Jewellery
 a - a cursed +3 ring of protection (right hand)
 k - a ring of see invisible (left hand)
Potions
 l - 6 potions of curing
 n - a potion of cure mutation


   Skills:
 + Level 7.8(6.1) Fighting
 * Level 10.4(8.6) Maces & Flails
 + Level 5.7(4.1) Throwing
 + Level 5.6(4.0) Dodging


You had 8 spell levels left.
You didn't know any spells.

Dungeon Overview and Level Annotations

Branches:
Dungeon (7/15)
 Temple: D:4-7

Altars:
Cheibriados
Elyvilon
Fedhas
Makhleb
Nemelex Xobeh
Okawaru
Sif Muna
Trog
Vehumet
Xom


Innate Abilities, Weirdness & Mutations

You are too large for most types of armour.
You have tough skin (AC +1).


Message History

The wight hits you with a halberd.
Things that are here:
a morningstar; a robe Unknown command.
Unknown command.
Unknown command.
Unknown command.
You hit the wight.
The wight is heavily damaged.
The wight hits you with a halberd.
MOVING TO (8,8)
The wight hits you from afar with a halberd!
FLEEEEING!
ATTACKING (-1,0)
Things that are here:
a morningstar; a robe MOVING TO (8,8)
The wight hits you from afar with a halberd!
You feel drained.
You die...

................!..........>.<...
....#####.....#.###.####..#.#..##
..([(...((..........#.##..#.#...#
.###...z............#'##..#.....#
......z.......%...........#.....#
.......?..#..#....#......##.##..#
......#####....[###.............#
..... ###.z)###.........#....
.... #..)O###.........#### ...
#######..........# #........###
#......#.# ##+##..#.# ##.##..#.#
#..##..#.# #[.)(..#.# #))#.....#


You could see a wight.

Table legend:
 A = Turns spent in this place as a percentage of turns spent in the entire game.
 B = Non-inter-level travel turns spent in this place as a percentage of non-inter-level travel turns spent in the entire game.
 C = Inter-level travel turns spent in this place as a percentage of turns spent in this place.
 D = Turns resting spent in this place as a percentage of non-inter-level travel turns spent in this place.
 E = Turns spent auto-exploring this place as a percentage of non-inter-level travel turns spent in this place.
 F = Non-inter-level travel turns spent in this place divided by the number of levels of this place that you've seen.
                   A       B       C       D       E      F
               +-------+-------+-------+-------+-------+----------------------
         Total | 100.0 | 100.0 |   1.3 |   9.5 |  26.1 | 190.1
       Dungeon | 100.0 | 100.0 |   1.3 |   9.5 |  26.1 | 190.1
               +-------+-------+-------+-------+-------+----------------------

Table legend:
 A = Kills in this place as a percentage of kills in entire the game.
 B = Kills by you in this place as a percentage of kills by you in the entire game.
 C = Kills by friends in this place as a percentage of kills by friends in the entire game.
 D = Other kills in this place as a percentage of other kills in the entire game.
 E = Experience gained in this place as a percentage of experience gained in the entire game.
 F = Experience gained in this place divided by the number of levels of this place that you have seen.
                   A       B       C       D       E      F
               +-------+-------+-------+-------+-------+----------------------
         Total | 100.0 | 100.0 | 100.0 |  -nan | 100.0 | 405.6
       Dungeon | 100.0 | 100.0 | 100.0 |  -nan | 100.0 | 405.6
               +-------+-------+-------+-------+-------+----------------------

Vanquished Creatures
  An orc warrior (D:6)
  2 centaurs
  2 black bears (D:6)
  3 ogres
  A phantom (D:5)
  A giant frog (D:6)
  2 scorpions (D:4)
  2 wights (D:7)
  4 hounds
  2 goliath beetles
  4 killer bees (D:3)
  A centaur zombie (D:5)
  2 crimson imps
  An orc priest (D:6)
  A giant frog skeleton (D:6)
  A quasit (D:6)
  4 orc wizards (D:6)
  2 worker ants
  6 adders
  A shadow imp (D:7)
  A worm (D:3)
  A giant gecko (D:1)
  An ooze (D:3)
  15 orcs
  12 bats
  3 giant cockroaches
  14 goblins
  13 hobgoblins
  8 jackals
  13 kobolds
  A ball python (D:1)
  4 giant newts
  A goblin skeleton (D:4)
  An orc skeleton (D:6)
  5 quokkas
  A quokka skeleton (D:5)
  9 rats
  A rat skeleton (D:4)
147 creatures vanquished.

Vanquished Creatures (collateral kills)
  An orc warrior (D:7)
  A scorpion (D:7)
  A crimson imp (D:6)
  A jelly (D:6)
  2 orc priests (D:7)
  An orc (D:7)
  2 kobolds
9 creatures vanquished.

Vanquished Creatures (others)
  2 worker ants (D:4)
  An iguana (D:4)
  An adder (D:4)
  2 giant cockroaches (D:4)
  A kobold zombie (D:4)
  A quokka skeleton (D:4)
  A rat (D:4)
9 creatures vanquished.

Grand Total: 165 creatures vanquished

Notes
Turn   | Place    | Note
--------------------------------------------------------------
     0 | D:1      | gw, the Ogre Berserker, began the quest for the Orb.
     0 | D:1      | Reached XP level 1. HP: 24/24 MP: 1/1
   302 | D:1      | Reached XP level 2. HP: 29/32 MP: 2/2
   616 | D:1      | Acquired Trog's second power
   865 | D:1      | Reached XP level 3. HP: 39/39 MP: 3/3
  1033 | D:1      | Gained mutation: Your flesh is cold resistant. [potion of beneficial mutation]
  1239 | D:2      | Reached skill level 1 in Throwing
  1313 | D:2      | Reached skill level 5 in Maces & Flails
  1809 | D:2      | Reached XP level 4. HP: 46/49 MP: 4/4
  2030 | D:2      | Lost mutation: Your flesh is cold resistant. [potion of cure mutation]
  2048 | D:3      | Found a deep blue altar of Sif Muna.
  2054 | D:3      | Found a burning altar of Makhleb.
  2114 | D:3      | Found a bloodstained altar of Trog.
  2265 | D:3      | Found a white marble altar of Elyvilon.
  2904 | D:3      | Reached XP level 5. HP: 55/55 MP: 5/5
  2914 | D:3      | Reached skill level 5 in Fighting
  2914 | D:3      | Reached skill level 6 in Maces & Flails
  2921 | D:3      | Reached XP level 6. HP: 23/66 MP: 6/6
  3491 | D:4      | Found a shimmering altar of Xom.
  3763 | D:4      | Reached XP level 7. HP: 66/72 MP: 7/7
  3821 | D:4      | Reached skill level 7 in Maces & Flails
  3911 | D:4      | Acquired Trog's third power
  4227 | D:5      | Entered Level 5 of the Dungeon
  4233 | D:5      | Found a radiant altar of Vehumet.
  4399 | D:5      | Found a blossoming altar of Fedhas.
  4558 | D:5      | Reached skill level 8 in Maces & Flails
  4835 | D:5      | Reached XP level 8. HP: 79/84 MP: 8/8
  5232 | D:6      | Found a sparkling altar of Nemelex Xobeh.
  5626 | D:6      | Reached skill level 9 in Maces & Flails
  5629 | D:6      | Reached skill level 5 in Dodging
  6173 | D:6      | Found a snail-covered altar of Cheibriados.
  6567 | D:6      | Reached skill level 5 in Throwing
  6793 | D:6      | Found an iron altar of Okawaru.
  6835 | D:7      | Reached skill level 10 in Maces & Flails
  6835 | D:7      | Reached XP level 9. HP: 89/93 MP: 9/9
  7195 | D:7      | HP: 2/96 [wight/halberd (11)]
  7195 | D:7      | Slain by a wight

Action                   |  1- 3 |  4- 6 |  7- 9 || total
-------------------------+-------+-------+-------++-------
Melee: Mace              |    86 |    97 |       ||   183
       Giant club        |       |     6 |   134 ||   140
Throw: Dart              |    62 |    65 |   162 ||   289
Invok: Berserk           |     1 |     1 |     6 ||     8
       Trog's Hand       |       |     1 |     4 ||     5
       Brothers in Arms  |       |       |     5 ||     5
Evoke: Wand              |       |       |     1 ||     1
  Use: Scroll            |     4 |     5 |     1 ||    10
       Potion            |     3 |     5 |     1 ||     9

Vault maps used:
D:1:      elethiomel_arrival_maze
D:2:      due_unseen_surprise
D:3:      bloody_trog, gammafunk_temple_overflow_forgotten
D:4:      xom_confusion_cloud, first_bread
D:5:      vehumet_crystals, fedhas_altar_3
D:6:      lemuel_round_altar, beetle_altar_2, kennysheep_mini_moat,
          kennysheep_windowed_goal
D:7:      yredelemnul_forgotten_temple_becter, minmay_temple_entry_large_hall,
          wad_floor_pattern_2, grunt_ogre_cave
